 Dungeon Crawl Stone Soup version 0.28.0-45-g0d030f2227 (webtiles) character file.

Game seed: 15987588081857343683

43 Kziril the Skirmisher (level 3, 0/24 HPs)
             Began as a Gargoyle Fighter on Apr 20, 2022.
             Was a Follower of Cheibriados.
             Slain by Terence
             ... wielding a +0 hand axe
              (7 damage)
             ... on level 2 of the Dungeon.
             The game lasted 00:02:42 (1733 turns).

Kziril the Skirmisher (Gargoyle Fighter)            Turns: 1733, Time: 00:02:42

Health: 0/24       AC: 10    Str: 21    XL:     3   Next: 58%
Magic:  3/3        EV:  9    Int: 10    God:    Cheibriados [*.....]
Gold:   61         SH:  5    Dex: 13    Spells: 2/2 levels left

rFire   . . .      SeeInvis .   a - +0 flail
rCold   . . .      Faith    .   c - +0 buckler
rNeg    + . .      Spirit   .   b - +0 scale mail
rPois   ∞          Reflect  .   (no helmet)
rElec   +          Harm     .   (no cloak)
rCorr   .          Rampage  .   (no gloves)
Will    .....                   (no boots)
Stlth   ..........              (no amulet)
HPRegen 0.08/turn               (no ring)
MPRegen 0.08/turn               (no ring)

@: very slow
A: sickness immunity, AC +3, negative energy resistance 1, electricity
resistance, torment resistance 1, petrification resistance
a: Renounce Religion, Bend Time


You were on level 2 of the Dungeon.
You worshipped Cheibriados.
Cheibriados was aware of your devotion.
You visited 1 branch of the dungeon, and saw 3 of its levels.

You collected 61 gold pieces.

Inventory:

Hand Weapons
 a - a +0 flail (weapon)
Armour
 b - a +0 scale mail (worn)
 c - a +0 buckler (worn)
Scrolls
 e - a scroll of fear {unknown}
 f - a scroll of identify {unknown}
 h - a scroll of teleportation {unknown}
Potions
 d - 2 potions of might
 g - a potion of heal wounds {unknown}


   Skills:
 * Level 4.0 Fighting
 + Level 2.4 Maces & Flails
 + Level 3.6 Armour
 + Level 3.6 Shields


You had 2 spell levels left.
You didn't know any spells.
Your spell library contained the following spells:

 Spells                   Type           Power      Damage    Failure   Level
 Animate Skeleton         Necr           0%         N/A       80%         1
 Pain                     Necr           0%         1d4       80%         1
 Vampiric Draining        Necr           0%         2d6       99%         3


Dungeon Overview and Level Annotations

Branches:
Dungeon (3/15)

Altars:
Cheibriados

Shops:
D:2 [

Annotations:
D:2 Terence


Innate Abilities, Weirdness & Mutations

You are immune to sickness and miasma.
Your stone body is resilient. (AC +3)
You are immune to poison.
You resist negative energy. (rN+)
You are resistant to electric shocks. (rElec)
You are resistant to unholy torment.
You are immune to petrification.


Message History

There is an open door here.
You now have 61 gold pieces (gained 13).
There is an open door here.
A kobold comes into view. It is wielding a +0 whip.
The kobold shouts!
Terence the Incautious comes into view.
He is wielding a +0 hand axe.
Terence shouts!
The kobold throws a stone.
The stone hits you but does no damage. Terence hits you but does no damage.
Terence hits you with a +0 hand axe.
You barely miss Terence. Terence barely misses you.
You closely miss Terence. Terence hits you with a +0 hand axe.
You barely miss Terence. Terence hits you but does no damage.
Terence barely misses you.
You barely miss Terence. Terence hits you with a +0 hand axe.
You hit Terence.
Terence is moderately wounded.
Terence hits you with a +0 hand axe.
You hit Terence but do no damage.
Terence is moderately wounded.
Terence hits you but does no damage. Terence hits you with a +0 hand axe.
You hit Terence but do no damage.
Terence is moderately wounded.
Terence hits you with a +0 hand axe.
You barely miss Terence.
Terence is moderately wounded.
Terence completely misses you. Terence hits you with a +0 hand axe.
You barely miss Terence.
Terence is moderately wounded.
Terence hits you with a +0 hand axe.
* * * LOW HITPOINT WARNING * * *
You hit Terence but do no damage.
Terence is moderately wounded.
Terence barely misses you.
You hit Terence.
Terence is moderately wounded.
Terence barely misses you.
You hit Terence.
Terence is severely wounded.
Terence barely misses you. Terence hits you with a +0 hand axe!
You die...

#........#...............#
#......).##.####.##.##.#.#
#.#+#.............#.##.#.#
#. #.######..##.##.##.#.#
#.#.....<.....#.##.#.#
#.#.####..##.##. #.#.# #.
..... .. #.#.#
#.#..######.##.#####.#.#
#....K@@...>.# # #...#..
.....#####...#.# #...###
... #.'...#.# #...+^. .
###.#.#.# #...#._
#.'...#.# #...#.^
###.....# #....<.
#.'.##..# #.#####
###.##..# #.#
#.†.....###'#####


You could see Terence and a kobold.

Vanquished Creatures
  A gnoll (D:1)
  A dart slug (D:1)
  4 endoplasms (D:1)
  A giant cockroach (D:1)
  2 goblins (D:1)
  2 hobgoblins (D:1)
  3 jackals (D:1)
  3 quokkas (D:1)
  A ball python (D:1)
  2 bats (D:1)
  A frilled lizard (D:1)
  3 kobolds
  5 rats
29 creatures vanquished.

Notes
Turn   | Place    | Note
-------+----------+-------------------------------------------
     0 | D:1      | Kziril the Gargoyle Fighter began the quest for the Orb.
     0 | D:1      | Reached XP level 1. HP: 14/14 MP: 1/1
    61 | D:1      | Reached XP level 2. HP: 7/19 MP: 2/2
   781 | D:1      | Reached XP level 3. HP: 23/24 MP: 3/3
  1142 | D:1      | Reached skill level 4 in Fighting
  1502 | D:2      | Found Hiorer's Antique Armour Boutique.
  1621 | D:2      | Found a faded altar of an unknown god.
  1652 | D:2      | Prayed at the altar of an unknown god.
  1652 | D:2      | Became a worshipper of Cheibriados the Contemplative
  1652 | D:2      | Reached * piety under Cheibriados
  1718 | D:2      | Noticed Terence
  1733 | D:2      | Slain by Terence

Illustrated notes

Levels and vault maps discovered:
D:1:      lemuel_arrival_rhombus, layout_loops_cross, serial_rivers,
          chequers_serial_rivers_small_a, chequers_serial_rivers_large_a,
          chequers_serial_rivers_micro_d, chequers_serial_rivers_large_b
D:2:      layout_basic, ebering_ecumenical_altar_webs, serial_shops,
          nicolae_shop_advertising_works [nicolae_subvault_shop_adworks],
          basic_altar, minmay_rat_gold_closets, uniq_terence
D:3:      layout_rooms, grunt_ministairs_3

Skill      XL: |  1  2  3 |
---------------+----------+-----
Fighting       | 4 |  4.0
Maces & Flails | |  2.4
Armour         | |  3.6
Shields        | |  3.6

Action                   || total
-------------------------++-------
Melee: Flail             ||   123
Armor: Scale mail        ||    71
Dodge: Dodged            ||    77
Block: Buckler           ||    25
